 Dungeon Crawl Stone Soup version 0.28-a0-773-g130ae17fe5 (webtiles) character file.

Game seed: 17046222326617922183

44 flotson the Sneak (level 3, 0/31 HPs)
             Began as a Palentonga Delver on Nov 1, 2021.
             Slain by a hound (1 damage)
             ... on level 5 of the Dungeon.
             The game lasted 00:01:22 (287 turns).

flotson the Sneak (Palentonga Delver)                Turns: 287, Time: 00:01:23

Health: 0/31       AC:  5    Str: 20    XL:     3   Next: 39%
Magic:  3/3        EV:  9    Int: 13    God:
Gold:   0          SH:  5    Dex: 11    Spells: 2/2 levels left

rFire   . . .      SeeInvis +   j - +5 war axe of Equilibrium {vorpal, *Rage Fragile Str+4 Int+3}
rCold   . . .      Faith    .   k - +2 buckler
rNeg    . . .      Spirit   .   b - +0 leather armour
rPois   .          Reflect  .   (no helmet)
rElec   .          Harm     .   (no cloak)
rCorr   .          Rampage  .   a - +0 pair of gloves
Will    .....      Rage     20% (no barding)
Stlth   ++........              (no amulet)
HPRegen 0.10/turn               (no ring)
MPRegen 0.08/turn               (no ring)

@: no status effects
A: large, rugged brown scales 3, see invisible, deformed body, roll 1, armoured
tail
a: Rolling Charge


You were on level 5 of the Dungeon.
You visited 1 branch of the dungeon, and saw 2 of its levels.

Inventory:

Hand Weapons
 j - the +5 war axe of Equilibrium (weapon) {vorpal, *Rage Fragile Str+4 Int+3}
   (You found it on level 5 of the Dungeon)

   It inflicts extra damage upon your enemies.
   Str:       It affects your strength (+4).
   Int:       It affects your intelligence (+3).
   *Rage:     It berserks you when you make melee attacks (+20% chance).
   Fragile:   It will be destroyed if unequipped.
Armour
 a - a +0 pair of gloves (worn)
 b - a +0 leather armour (worn)
 k - a +2 buckler (worn)
Wands
 g - a wand of digging (3)
Potions
 h - a potion of mutation {unknown}
 i - a potion of resistance
 l - a potion of heal wounds {unknown}


   Skills:
 + Level 3.3 Fighting
 * Level 2.8 Axes
 + Level 0.9 Armour
 + Level 2.0 Dodging
 - Level 3.3 Stealth


You had 2 spell levels left.
You didn't know any spells.
Your spell library was empty.

Dungeon Overview and Level Annotations

Branches:
Dungeon (5/15)             Temple (0/1) D:5

Altars:


Innate Abilities, Weirdness & Mutations

You are completely covered in rugged brown scales. (AC +3, +7% HP)
You have supernaturally acute eyesight. (SInv)
Armour fits poorly on your strangely shaped body.
You can roll at nearby foes to attack.
You have a long armoured tail.


Message History

A quokka comes into view.
A gnoll comes into view. It is wielding a +0 spear.
The kobold moves out of view.
The gnoll shaman shouts!
A kobold brigand comes into view.
It is wielding a +0 dagger and quivering poisoned darts.
You hear the slow rusting of a distant drain.
The kobold brigand shouts!
Cornered, the hound turns to fight!
A gnoll comes into view. It is wielding a +0 flail.
The kobold brigand moves out of view.
A gnoll comes into view. It is wielding a +0 whip.
You block the hound's attack. The hound barely misses you.
The orc shouts!
The orc hits you with a +0 dagger.
Okay, then.
Unknown command.
Unknown command.
The hound barely misses you. The orc hits you with a +0 dagger.
The hound bites you but does no damage. The hound bites you.
* * * LOW HITPOINT WARNING * * *
The hound bites you.
* * * LOW HITPOINT WARNING * * *
As you read the scroll of fog, it crumbles to dust.
The scroll dissolves into smoke.
The hound bites you.
* * * LOW HITPOINT WARNING * * *
The hound closely misses you. The hound bites you.
* * * LOW HITPOINT WARNING * * *
It was a potion of resistance.
You feel protected. The hound bites you but does no damage.
It was a potion of cancellation.
Your magical effects are unravelling.
You feel magically purged.
Your resistance to elements expires.
The hound bites you but does no damage. The hound bites you.
You die...

#...#####..##
#.###.......#
............#
..###.....o.#
........o.$.#
.####....o..# #**
#..g....# ,,*
#.....r.##########*
,,*
#.....g.§§oh@§§...*
,,*
#####.###########.*
,,* #.# *,** ***
#.# *,,* ### **,*
*,** *,,* **,* *,*


You could see a hound and an orc.

Vanquished Creatures
  A water moccasin skeleton (D:5)
1 creature vanquished.

Notes
Turn   | Place    | Note
-------+----------+-------------------------------------------
     0 | D:5      | flotson the Palentonga Delver began the quest for the Orb.
     0 | D:5      | Reached XP level 1. HP: 19/19 MP: 1/1
    21 | D:5      | Identified the +5 war axe of Equilibrium {vorpal, *Rage
                  | Fragile Str+4 Int+3}
    39 | D:5      | Reached XP level 2. HP: 12/25 MP: 2/2
    39 | D:5      | Reached XP level 3. HP: 15/31 MP: 3/3
   268 | D:5      | Noticed a kobold brigand
   285 | D:5      | HP: 1/31 [hound (2)]
   287 | D:5      | Slain by a hound

Illustrated notes

Levels and vault maps discovered:
D:4:      minmay_opposing_rooms, layout_rooms, serial_shops, shop
D:5:      layout_rooms, chei_slow_surprise, temple_doors_e,
          cheibrodos_sewer_entry_bend

Skill      XL: |  1 |
---------------+----+-----
Dodging        | 2 |  2.0
Fighting       | |  3.3
Axes           | |  2.8
Armour         | |  0.9
Stealth        | |  3.3

Action                   || total
-------------------------++-------
Melee: War axe           ||     3
       Tailslap          ||     1
  Use: Potion            ||     3
       Scroll            ||     3
Armor: Leather armour    ||     5
Dodge: Dodged            ||     5
Block: Buckler           ||     1

Table legend: (Time is in decaauts)
 A = Elapsed time spent in this place.
 B = Non-inter-level travel time spent in this place.
 C = Inter-level travel time spent in this place.
 D = Time resting spent in this place.
 E = Time spent auto-exploring this place.
 F = Levels seen in this place.
 G = Mean time per level.
                   A        B        C        D        E       F      G
               +--------+--------+--------+--------+--------+-----+--------+
         Total |    271 |    256 |     15 |      0 |    170 |   2 |  135.5 |
       Dungeon |    271 |    256 |     15 |      0 |    170 |   2 |  135.5 |
               +--------+--------+--------+--------+--------+-----+--------+

Top non-repeatable levels by time:
     D:5: 270 daAuts
     D:4: 1 daAuts
